Map: New Repugnancy LE

Players

OGZest (Zest) - Winner!

  • Race: Protoss Protoss
  • Spawn Location: 1:00

Elazer

  • Race: Zerg Zerg
  • League: Master
  • Spawn Location: 7:00

Event: HomeStory Cup XIX

VOD

Have the link to the VOD?

Description

Time

  • Played on: June 30, 2019, 11 a.m.
  • Length: 10:12

All games in this series

Show
View Real Time Build Order
Export as new Build Order

OGZest Protoss - Winner!

Build Orders: 1 Gate Expand, Oracle Opening, Phoenix Opening, Archon Immortal 

Get SALT Encoding   

  12  0:00  Probe  
  13  0:12  Probe  
  14  0:17  Pylon  
  14  0:24  Probe  
  15  0:33  Probe  
  15  0:39  Gateway  
  15  0:41  Probe  
  16  0:49  Assimilator  
  17  0:51  Probe  
  18  1:03  Probe  
  19  1:15  Probe  
  20  1:26  Nexus  
  20  1:37  Cybernetics Core  
  21  1:40  Probe  
  21  1:45  Assimilator  
  21  1:52  Probe  
  22  1:55  Pylon  
  22  2:03  Adept  
  22  2:04  Probe  
  25  2:16  Stargate  
  25  2:18  Probe  
  26  2:25  Warp Gate  
  26  2:30  Probe  
  26  2:33  Adept  
  26  2:34  Probe  
  29  2:42  Probe x2  
  31  2:51  Phoenix  
  32  2:52  Probe  
  32  2:54  Probe  
  34  3:04  Probe, Oracle  
  37  3:06  Probe  
  38  3:16  Probe  
  38  3:18  Probe, Pylon  
  43  3:24  Gateway  
  43  3:31  Gateway  
  43  3:37  Probe, Twilight Council  
  43  3:39  Probe  
  45  3:43  Adept  
  47  3:50  Probe, Pylon  
  47  3:52  Probe  
  47  3:54  Resonating Glaives  
  49  4:00  Assimilator x2  
  49  4:02  Probe  
  50  4:04  Probe  
  52  4:17  Probe x2  
  52  4:22  Adept x2  
  57  4:25  Adept  
  57  4:30  Probe  
  57  4:31  Probe  
  61  4:32  Pylon  
  61  4:33  Pylon  
  61  4:34  Robotics Facility  
  61  4:52  Adept x3  
  61  5:11  Warp Prism  
  59  5:15  Adept x3  
  65  5:23  Pylon  
  65  5:25  Gateway  
  65  5:26  Gateway  
  65  5:35  Adept x3  
  67  5:37  Gateway  
  71  5:47  Immortal  
  75  5:56  Sentry x3  
  81  6:02  Gateway x2  
  64  6:20  Adept x4  
  64  6:21  Adept  
  64  6:23  Immortal  
  74  6:45  Sentry x5  
  84  6:48  Pylon  
  84  7:02  Pylon  
  84  7:04  Pylon  
  78  7:20  Charge  
  78  7:26  Observer  
  79  7:31  Forge  
  79  7:33  Probe x2, Templar Archives  
  79  7:35  Adept  
  83  7:40  Immortal  
  87  7:52  Nexus  
  87  7:53  Pylon  
  87  7:56  Zealot x8, Pylon  
  101  8:13  Protoss Ground Weapons Level 1  
  101  8:15  Immortal  
  101  8:17  Photon Cannon  
  101  8:18  Probe x2  
  107  8:30  Probe x2  
  109  8:42  Zealot x4, High Templar x4  
  109  8:46  Archon  
  109  8:48  Archon  
  122  9:08  Zealot x4  
  114  9:25  Zealot x4  
  114  9:36  Zealot x2  
  114  9:37  Zealot x2  
  118  9:53  Zealot x4  
  118  9:59  Zealot x2  
  120  10:04  Zealot x2  
Show
View Real Time Build Order
Export as new Build Order

Elazer Zerg 

Build Orders: Hatch First 

Get SALT Encoding   

  12  0:00  Drone  
  13  0:12  Overlord  
  13  0:16  Drone  
  14  0:30  Drone  
  15  0:45  Hatchery  
  15  0:48  Drone  
  15  0:52  Drone  
  15  0:56  Drone  
  17  1:00  Drone  
  18  1:11  Drone  
  19  1:14  Extractor  
  18  1:21  Spawning Pool  
  18  1:23  Drone  
  18  1:32  Drone  
  19  1:43  Drone  
  20  1:53  Drone  
  21  2:00  Drone  
  22  2:07  Queen x2  
  26  2:09  Zergling x2, Overlord  
  27  2:17  Metabolic Boost  
  27  2:19  Zergling x2  
  28  2:28  Drone x2  
  28  2:29  Drone  
  31  2:35  Drone  
  32  2:44  Hatchery  
  31  2:47  Drone  
  31  2:48  Drone  
  33  2:57  Overlord  
  33  2:58  Drone  
  33  3:13  Drone  
  33  3:15  Drone x2  
  33  3:17  Drone  
  33  3:18  Drone  
  33  3:19  Drone x2  
  40  3:20  Queen  
  40  3:21  Drone x2  
  40  3:24  Overlord  
  44  3:27  Overlord  
  44  3:38  Overlord  
  44  3:46  Drone x2  
  46  3:49  Spore Crawler  
  46  3:50  Spore Crawler  
  46  3:52  Drone x6  
  46  3:53  Drone  
  51  3:56  Overlord  
  51  4:03  Queen  
  51  4:04  Spore Crawler  
  51  4:07  Drone x2  
  51  4:09  Drone  
  54  4:14  Drone x2  
  53  4:17  Drone  
  53  4:19  Drone  
  53  4:20  Drone  
  53  4:21  Drone  
  57  4:25  Zergling x4  
  57  4:28  Zergling x2  
  57  4:29  Zergling x6  
  63  4:33  Zergling x2  
  63  4:39  Zergling x4, Queen  
  63  4:41  Zergling x2  
  68  4:45  Queen  
  68  4:46  Zergling x2  
  68  4:50  Zergling x4  
  70  5:05  Drone x5  
  70  5:06  Drone  
  73  5:09  Drone  
  73  5:12  Drone  
  73  5:17  Overlord  
  73  5:19  Lair  
  73  5:20  Drone  
  74  5:21  Extractor x2  
  74  5:22  Drone x2, Roach Warren  
  74  5:25  Overlord  
  74  5:26  Drone  
  74  5:33  Overlord  
  73  5:38  Zergling x12  
  73  5:40  Hatchery  
  78  5:43  Overlord  
  78  5:45  Zergling x4  
  78  5:49  Queen, Extractor  
  81  5:50  Zergling x12  
  81  5:54  Overlord  
  87  5:58  Overlord  
  87  6:03  Roach  
  85  6:10  Roach x3  
  85  6:18  Roach x7  
  85  6:27  Roach x4  
  89  6:39  Drone x2  
  93  6:40  Drone x2  
  93  6:41  Glial Reconstitution  
  93  6:45  Drone x3  
  93  6:46  Drone x2  
  98  6:53  Overlord  
  97  6:56  Roach x2  
  97  6:58  Overlord  
  97  7:00  Drone  
  102  7:05  Drone x2  
  102  7:06  Roach  
  107  7:08  Ravager x2  
  107  7:09  Ravager  
  107  7:14  Drone x3  
  109  7:18  Roach x3  
  115  7:26  Roach x3  
  115  7:28  Ravager x2  
  115  7:29  Ravager  
  123  7:31  Overlord  
  123  7:37  Overlord  
  123  7:39  Roach x3  
  123  7:41  Overlord  
  123  7:44  Overlord  
  129  7:46  Overlord  
  129  7:50  Overlord  
  129  7:51  Zergling x6  
  129  7:52  Ravager  
  129  7:57  Zergling x8  
  136  8:03  Spore Crawler  
  136  8:05  Zergling x10  
  140  8:07  Spore Crawler  
  140  8:09  Ravager x2  
  140  8:11  Zergling x6  
  144  8:17  Ravager  
  144  8:18  Zergling x10  
  150  8:20  Zergling x4  
  150  8:23  Ravager  
  150  8:25  Zergling x4  
  155  8:29  Zergling x6  
  155  8:30  Ravager  
  152  8:41  Zergling x12  
  152  8:43  Ravager  
  159  8:50  Zergling x10  
  163  9:02  Zergling x4  
  152  9:03  Zergling x10  
  147  9:11  Roach x3  
  146  9:18  Zergling x2  
  146  9:19  Zergling x10  
  133  9:24  Roach x2  
  133  9:30  Roach x2  
  124  9:38  Roach x3  
  124  9:41  Ravager  
  124  9:43  Roach x2  
Tags
 
Add a new tag
Caveats
  • Supply blocks, unpowered buildings, or Contaminate may cause inaccurate times.
  • Supply counts are checked every 10 seconds.